 Dungeon Crawl Stone Soup version 0.18-a0-1372-gd644665 (webtiles) character file.

109 M4edhros the Sneak (level 4, -3/31 HPs)
             Began as an Octopode Monk on Feb 21, 2016.
             Killed by divine providence
             ... invoked by an orc priest
              (11 damage)
             ... on level 5 of the Dungeon.
             The game lasted 00:03:23 (1472 turns).

M4edhros the Sneak (Octopode Monk)                  Turns: 1472, Time: 00:03:23

Health: -3/31      AC:  1    Str: 10      XL:     4   Next: 89%
Magic:  4/4        EV: 13    Int: 12      God:
Gold:   117        SH:  0    Dex: 13 (15) Spells: 0 memorised, 3 levels left

rFire  . . .     SeeInvis .       - Unarmed
rCold  + . .     Gourm    .     (no shield)
rNeg   . . .     Faith    .     (helmet restricted)
rPois  .         Spirit   .     (no amulet)
rElec  .         Dismiss  .     l - ring of protection from cold
rCorr  .         Reflect  .     (no ring)
SustAt .         Harm     .     (no ring)
MR     .....                    (no ring)
Stlth  ++++......               (no ring)
                                (no ring)
                                (no ring)
                                (no ring)

@: not resistant to hostile enchantments, stealthy
A: almost no armour, amphibious, 8 rings, constrict 8, camouflage 1, gelatinous
body 1
a: no special abilities


You were on level 5 of the Dungeon.
You were hungry.

You visited 1 branch of the dungeon, and saw 5 of its levels.

You collected 117 gold pieces.

Inventory:

Missiles
 c - 17 exploding sling bullets
 e - 11 sling bullets
 k - 47 stones (quivered)
Jewellery
 l - a ring of protection from cold (left tentacle)
Wands
 n - a wand of polymorph (17/24)
Scrolls
 b - a scroll of remove curse
 d - a scroll of teleportation
 g - a scroll of amnesia
 i - a scroll of recharging {unknown}
 j - 5 scrolls of identify {unknown}
Comestibles
 a - a bread ration


   Skills:
 - Level 3.0 Fighting
 - Level 3.0 Dodging
 + Level 5.4 Stealth
 + Level 5.0 Unarmed Combat


You had 3 spell levels left.
You didn't know any spells.

Dungeon Overview and Level Annotations

Branches:
Dungeon (5/15)
 Temple: D:4-7

Altars:
Cheibriados
Fedhas
Makhleb
Ru
Vehumet


Innate Abilities, Weirdness & Mutations

You cannot wear most types of armour.
You are amphibious.
You can wear up to eight rings at the same time.
You can use your tentacles to constrict eight enemies at once.
Your skin changes colour to match your surroundings (Stealth).
Your rubbery body absorbs attacks (AC +1).


Message History

You constrict the orc. The orc misses you.
You barely miss the orc.
The orc is heavily wounded.
You constrict the orc. The orc wizard closely misses you.
The orc closely misses you.
You aren't carrying any potions.
You tentacle-slap the orc.
You kill the orc!
The orc wizard looks braver for a moment.
The orc priest mumbles some strange prayers to Beogh against you.
Beogh smites you!
Ouch! That really hurt!
You tentacle-slap the orc wizard. Your grab misses the orc wizard.
The orc wizard is lightly wounded.
The orc hits you with a mace.
* * * LOW HITPOINT WARNING * * *
The orc wizard completely misses you.
The orc priest mumbles some strange prayers to Beogh against you.
Beogh smites you!
You die...

.# ..##. ..... ......
...... #..o# #..o##
#.o@## ##...## ###..##
###### ##..# ####
###<...####..##
##..###...##...##...#
##........####...#...#
.........## ##......#
....#....# ##<...##


You could see an orc priest, an orc wizard and an orc.

Vanquished Creatures
  An orc wizard (D:3)
  A worker ant (D:4)
  3 adders
  3 orcs
  A giant cockroach (D:4)
  4 goblins
  A hobgoblin (D:1)
  2 quokkas
  A ball python (D:1)
  5 bats
  3 giant newts
  2 kobolds
  5 rats
32 creatures vanquished.

Notes
Turn   | Place    | Note
--------------------------------------------------------------
     0 | D:1      | M4edhros the Octopode Monk began the quest for the Orb.
     0 | D:1      | Reached XP level 1. HP: 16/16 MP: 1/1
   262 | D:1      | Reached XP level 2. HP: 19/21 MP: 2/2
   726 | D:3      | Found a sacrificial altar of Ru.
   732 | D:3      | Reached XP level 3. HP: 22/26 MP: 3/3
   755 | D:3      | Reached XP level 4. HP: 16/31 MP: 4/4
   828 | D:4      | Noticed a phantom
   893 | D:4      | Found a blossoming altar of Fedhas.
   963 | D:4      | Found a radiant altar of Vehumet.
   963 | D:4      | Found a snail-covered altar of Cheibriados.
  1057 | D:4      | Noticed an ogre
  1104 | D:4      | Reached skill level 5 in Stealth
  1174 | D:4      | Found a burning altar of Makhleb.
  1174 | D:4      | Noticed a green death
  1177 | D:4      | Noticed an orange demon
  1177 | D:4      | Noticed a hellwing
  1264 | D:4      | Reached skill level 5 in Unarmed Combat
  1412 | D:5      | Entered Level 5 of the Dungeon
  1472 | D:5      | Killed from afar by an orc priest

Vault maps used:
D:1:      matt_arrival_refuge
D:2:      lightli_temple_of_fire, wad_orctagon, uniq_jessica
D:3:      nicolae_ru_great_annihilating_truth
D:4:      makhleb_altar_promises_db, fedhas_altar_1,
          gammafunk_temple_overflow_elements
D:5:      minmay_opposing_rooms, old_standard_altar, first_bread,
          portal_sewer_entry_f, uniq_eustachio

Action                   |  1- 3 |  4- 6 || total
-------------------------+-------+-------++-------
Melee: Unarmed           |    43 |    35 ||    78
  Use: Scroll            |       |     5 ||     5
       Potion            |       |     1 ||     1
 Stab: Sleeping          |    12 |     4 ||    16
       Paralysed         |     1 |       ||     1
  Eat: Chunk             |       |     1 ||     1
